 Dungeon Crawl Stone Soup version 0.30-a0-154-gb106f4c828 (webtiles) character file.

Game seed: 2256948026897504416

3178 Decritt the Fighter (level 9, -1/71 (79) HPs)
             Began as a Palentonga Fighter on Sept 27, 2022.
             Was an Initiate of Ru.
             Slain by a wight
             ... wielding a +5 falchion
              (12 damage)
             ... on level 7 of the Dungeon.
             The game lasted 00:13:31 (8934 turns).

Decritt the Fighter (Palentonga Fighter)            Turns: 8934, Time: 00:13:32

HP:   -1/71 (79)    AC: 20    Str: 29    XL:     9   Next: 63%
MP:   9/9           EV:  8    Int:  8    God:    Ru [......]
Gold: 40            SH:  0    Dex: 14    Spells: 8/8 levels left

rFire   + . .      SeeInvis +    I - +0 whip (elec)
rCold   + . .      Faith    .    c - +0 buckler
rNeg    . . .      Spirit   .    H - +2 chain mail "Hyageone" {Str+3 Dex+4}
rPois   .          Reflect  .    g - +0 helmet
rElec   .          Harm     .    u - scarf {rC+ rF+}
rCorr   .          Rampage  .    r - +0 pair of gloves
Will    .....                    (no barding)
Stlth   ..........               (no amulet)
HPRegen 0.21/turn                (no ring)
MPRegen 0.11/turn                (no ring)

@: confused, ambrosia-drunk, heavily drained, curled up
A: large, rugged brown scales 3, see invisible, deformed body, roll 1, armoured
tail, reflexive curl
a: Rolling Charge, Renounce Religion


You were on level 7 of the Dungeon.
You worshipped Ru.
Ru was noncommittal.
You visited 2 branches of the dungeon, and saw 8 of its levels.

You collected 335 gold pieces.
You spent 295 gold pieces at shops.

Inventory:

Hand Weapons
 a - a +0 war axe
 e - a +1 whip of venom
 E - a +4 vorpal flail
 I - a +0 whip of electrocution (weapon)
Armour
 b - a +0 scale mail
 c - a +0 buckler (worn)
 g - a +0 helmet (worn)
 r - a +0 pair of gloves (worn)
 u - a scarf of resistance (worn)
 A - a +0 cloak
 H - the +2 chain mail "Hyageone" (worn) {Str+3 Dex+4}
   (You bought it in a shop on level 2 of the Dungeon)

   Str:       It affects your strength (+3).
   Dex:       It affects your dexterity (+4).
Jewellery
 q - a ring of fire
 y - a ring of fire
Wands
 v - a wand of flame (26)
 B - a wand of roots (3)
Scrolls
 f - a scroll of blinking {unknown}
 h - a scroll of immolation
 j - a scroll of butterflies {unknown}
 l - 2 scrolls of enchant armour {unknown}
 m - 2 scrolls of fear
 t - a scroll of enchant weapon {unknown}
 w - 3 scrolls of noise
 x - a scroll of silence {unknown}
 z - a scroll of amnesia {unknown}
 D - 2 scrolls of teleportation {unknown}
 G - a scroll of vulnerability {unknown}
Potions
 d - a potion of might
 i - a potion of lignification {unknown}
 k - 4 potions of invisibility
 n - 4 potions of curing
 o - a potion of ambrosia
 p - 3 potions of berserk rage
 s - a potion of degeneration
 C - a potion of heal wounds
 F - 2 potions of attraction


   Skills:
 * Level 8.0 Fighting
 * Level 7.5 Axes
 + Level 4.9 Armour
 + Level 4.1 Dodging
 + Level 5.3 Shields


You had 8 spell levels left.
You didn't know any spells.
Your spell library contained the following spells:

 Spells                   Type           Power      Damage    Failure   Level
 Apportation              Tloc           0%         N/A       95%         1
 Necrotise                Necr           0%         1d4       95%         1
 Summon Small Mammal      Summ           0%         N/A       95%         1
 Ensorcelled Hibernation  Hex/Ice        0%         N/A       99%         2
 Sublimation of Blood     Necr           0%         N/A       99%         2
 Ozocubu's Armour         Ice            0%         N/A       100%        3
 Spider Form              Tmut/Pois      0%         N/A       100%        3
 Anguish                  Hex/Necr       0%         N/A       100%        4
 Petrify                  Tmut/Erth      0%         N/A       100%        4
 Irradiate                Conj/Tmut      0%         3d11      100%        5
 Ozocubu's Refrigeration  Ice            0%         4d7       100%        7


Dungeon Overview and Level Annotations

Branches:
Dungeon (7/15)             Temple (1/1) D:4

Altars:
Ashenzari
Cheibriados
Dithmenos
Fedhas
Gozag
Kikubaaqudgha
Makhleb
Nemelex Xobeh
Okawaru
Qazlal
Ru
Sif Muna
Trog
Uskayaw
Vehumet
Xom
Yredelemnul

Shops:
D:2 *?*([


Innate Abilities, Weirdness & Mutations

You are completely covered in rugged brown scales. (AC +3, +7% HP)
You have supernaturally acute eyesight. (SInv)
Armour fits poorly on your strangely shaped body.
You can roll at nearby foes to attack.
You have a long armoured tail.
You curl defensively after being hit. (AC +7*)


Message History

The wight barely misses you. The wight hits you with a +0 dagger.
* * * LOW HITPOINT WARNING * * *
Your Fighting skill increases to level 8!
You hit the wight.
The wight is moderately damaged.
You block the wight's attack. The wight barely misses you.
You hit the wight.
Your tail-slap misses the wight.
The wight is heavily damaged.
The wight hits you with a +5 falchion!
* * * LOW HITPOINT WARNING * * *
You feel drained.
* * * LOW HITPOINT WARNING * * *
You block the wight's attack.
You closely miss the wight.
The wight zaps a wand.
The puff of flame misses you. You block the wight's attack.
You hit the wight but do no damage. You tail-slap the wight.
The wight is moderately damaged.
You block the wight's attack. The wight hits you with a +0 dagger.
* * * LOW HITPOINT WARNING * * *
You feel drained.
* * * LOW HITPOINT WARNING * * *
You barely miss the wight.
The wight is moderately damaged.
The wight hits you but does no damage.
You hit the wight.
The wight is moderately damaged.
You block the wight's attack. The wight hits you with a +5 falchion.
* * * LOW HITPOINT WARNING * * *
You feel drained.
* * * LOW HITPOINT WARNING * * *
You are confused.
You feel invigorated. The wight closely misses you.
The wight hits you with a +5 falchion.
* * * LOW HITPOINT WARNING * * *
You feel drained.
* * * LOW HITPOINT WARNING * * *
You're too confused to move!
The wight hits you with a +0 dagger.
* * * LOW HITPOINT WARNING * * *
The wight hits you with a +5 falchion!
You die...

.~~≈~~≈ ~~≈~~≈≈
.~~≈~## .~≈~~.#
.≈~~~~#
##########.~≈~≈.#
##..........≈~~.~#
#.#....)zz.†~~~.~.
##.......@#..~~~~.<
#...########~~~.~~#
##.### .z~≈~~#
##.## ~~zz~~# #
###.## .~~~~.#
####...# #~~~~~#
.#....## ~~≈≈~.
......# #.<...###


You could see 2 wights.

Vanquished Creatures
  Pikel (D:7)
  Grinder (D:5)
  Sigmund (D:4)
  Edmund (D:5)
  2 water moccasins
  Duvessa (D:6)
  An ice beast (D:6)
  A sky beast (D:7)
  The ghost of LetschGu the Caller, an amateur TrWn (D:3)
  A black bear (D:6)
  An ogre (D:4)
  2 phantoms (D:5)
  Blork the orc (D:7)
  2 scorpions
  2 bullfrogs (D:7)
  A gnoll sergeant (D:7)
  A necrophage (D:6)
  3 wights (D:7)
  Dowan (D:6)
  3 hounds
  The ghost of nj0rd12 the Caller, a weakling FeSu (D:3)
  A gnoll bouda (D:6)
  2 orc priests (D:5)
  4 iguanas
  Ijyb (D:5)
  2 orc wizards
  The ghost of fly the Sneak, a weakling DgDe (D:3)
  10 gnolls
  11 adders
  2 white imps (D:7)
  2 ufetubi
  2 worms
  3 dart slugs
  14 orcs
  8 bats
  6 endoplasms
  2 giant cockroaches
  8 goblins
  4 hobgoblins
  9 jackals (D:3)
  3 quokkas
  7 ball pythons
  5 kobolds
  6 rats
142 creatures vanquished.

Notes
Turn   | Place    | Note
-------+----------+-------------------------------------------
     0 | D:1      | Decritt the Palentonga Fighter began the quest for the Orb.
     0 | D:1      | Reached XP level 1. HP: 19/19 MP: 1/1
   131 | D:1      | Reached XP level 2. HP: 25/25 MP: 2/2
   368 | D:1      | Reached XP level 3. HP: 31/31 MP: 3/3
   555 | D:1      | Found a faded altar of an unknown god.
   597 | D:2      | Found Bihani's Antique Armour Shop.
   733 | D:2      | Found Wuprel's Assorted Antiques.
   812 | D:2      | Found Watepood's General Store.
   826 | D:2      | Bought a potion of curing for 39 gold pieces
   843 | D:2      | Found Satt's Magic Scroll Boutique.
   888 | D:2      | Found Depioh's Antique Weapon Shoppe.
  1477 | D:3      | Reached XP level 4. HP: 26/39 MP: 4/4
  1674 | D:3      | Reached skill level 1 in Dodging
  1861 | D:3      | Found a runed translucent gate.
  1861 | D:3      | Found a runed translucent gate.
  1953 | D:3      | Found a runed translucent gate.
  1957 | D:3      | Noticed LetschGu's ghost (amateur TrWn)
  1957 | D:3      | Noticed fly's ghost (weakling DgDe)
  1957 | D:3      | Noticed nj0rd12's ghost (weakling FeSu)
  2128 | D:3      | Reached XP level 5. HP: 44/44 MP: 5/5
  2145 | D:3      | Reached skill level 4 in Fighting
  2564 | D:4      | Noticed Sigmund
  2569 | D:4      | Killed Sigmund
  2570 | D:4      | Reached XP level 6. HP: 49/52 MP: 6/6
  3118 | D:4      | Found a staircase to the Ecumenical Temple.
  3127 | Temple   | Entered the Ecumenical Temple
  3179 | Temple   | Became a worshipper of Ru the Awakened
  3262 | D:4      | Noticed Blork the orc
  3830 | D:5      | Entered Level 5 of the Dungeon
  3830 | D:5      | Noticed Grinder
  3835 | D:5      | Paralysed by Grinder for 2 turns
  3838 | D:5      | Paralysed by Grinder for 3 turns
  3852 | D:5      | Killed Grinder
  3853 | D:5      | Reached skill level 5 in Fighting
  3853 | D:5      | Gained mutation: You curl defensively after being hit. (AC
                  | +7*) [Palentonga growth]
  3853 | D:5      | Reached XP level 7. HP: 25/59 MP: 7/7
  4267 | D:5      | Reached skill level 5 in Axes
  4699 | D:5      | Noticed Ijyb
  4729 | D:4      | Reached XP level 8. HP: 11/68 MP: 8/8
  5053 | D:5      | Killed Ijyb
  5452 | D:6      | Reached skill level 6 in Fighting
  5481 | D:6      | Noticed Edmund
  5496 | D:6      | Noticed Duvessa
  5496 | D:6      | Noticed Dowan
  5968 | D:5      | Killed Edmund
  6118 | D:6      | Killed Duvessa
  6122 | D:6      | Killed Dowan
  6983 | D:7      | Reached skill level 7 in Fighting
  6992 | D:7      | Reached XP level 9. HP: 70/77 MP: 9/9
  7019 | D:7      | Killed Blork the orc
  7964 | D:7      | Reached skill level 5 in Shields
  8322 | D:2      | Bought a jewelled chain mail for 256 gold pieces
  8322 | D:2      | Identified the +2 chain mail "Hyageone" {Str+3 Dex+4} (You
                  | bought it in a shop on level 2 of the Dungeon)
  8372 | D:3      | Killed LetschGu's ghost
  8381 | D:3      | Killed fly's ghost
  8386 | D:3      | Killed nj0rd12's ghost
  8785 | D:7      | Noticed Pikel
  8794 | D:7      | Killed Pikel
  8927 | D:7      | Reached skill level 8 in Fighting
  8934 | D:7      | Slain by a wight

Illustrated notes

Levels and vault maps discovered:
D:1:      shiori_shiawase, layout_basic, chequers_ecumenical_altar_lobes
D:2:      mumra_celtic_spiral_tile, layout_basic, serial_shops, shop, shop,
          shop, shop, shop, grunt_ministairs_8, glass_columns_a
D:3:      layout_basic, serial_glass, glass_columns_a, glass_columns_a,
          glass_columns_a, glass_columns_a, gammafunk_ghost_cemetery,
          corexii_shack
D:4:      cheibrodos_helix_gallery, layout_loops_ring,
          minmay_temple_entry_overgrown, uniq_sigmund, uniq_blork_the_orc
D:5:      layout_basic, uniq_grinder, uniq_ijyb
D:6:      layout_rooms, uniq_edmund, uniq_duvessa
D:7:      layout_layer_cave, serial_rivers, chequers_serial_rivers_large_b,
          chequers_serial_rivers_large_a, chequers_serial_rivers_room_a,
          chequers_serial_rivers_micro_d, uniq_pikel
Temple:   nicolae_temple_bog_church

Skill      XL: |  1  2  3  4  5  6  7  8  9 |
---------------+----------------------------+-----
Shields        | 3 4 5 |  5.3
Axes           | 3 4 5 6 7 |  7.5
Dodging        | 1 2 3 4 |  4.1
Fighting       | 4 5 7 8 |  8.0
Armour         | 3 4 |  4.9

Action                   |  1- 3 |  4- 6 |  7- 9 || total
-------------------------+-------+-------+-------++-------
Melee: War axe           |     9 |       |       ||     9
       Whip              |    73 |   136 |   139 ||   348
       Tailslap          |     9 |    16 |    39 ||    64
       Flail             |       |       |   145 ||   145
Invok: Reject Sacrifices |       |       |     1 ||     1
 Abil: Rolling Charge    |    27 |    29 |    35 ||    91
  Use: Potion            |       |     1 |     1 ||     2
       Scroll            |       |       |     9 ||     9
Armor: Scale mail        |    35 |    58 |   134 ||   227
       Chain mail        |       |       |    43 ||    43
Dodge: Dodged            |    25 |    49 |   144 ||   218
Block: Buckler           |    15 |    22 |    87 ||   124

Table legend: (Time is in decaauts)
 A = Elapsed time spent in this place.
 B = Non-inter-level travel time spent in this place.
 C = Inter-level travel time spent in this place.
 D = Time resting spent in this place.
 E = Time spent auto-exploring this place.
 F = Levels seen in this place.
 G = Mean time per level.
                   A        B        C        D        E       F      G
               +--------+--------+--------+--------+--------+-----+--------+
         Total |   9019 |   8665 |    354 |   2731 |   4857 |   8 | 1127.4 |
       Dungeon |   8937 |   8609 |    328 |   2731 |   4823 |   7 | 1276.7 |
        Temple |     82 |     56 |     26 |      0 |     34 |   1 |   82.0 |
               +--------+--------+--------+--------+--------+-----+--------+

Top non-repeatable levels by time:
     D:5: 2113 daAuts
     D:4: 1621 daAuts
     D:3: 1318 daAuts
     D:6: 1252 daAuts
     D:7: 1132 daAuts
     D:2: 895 daAuts
     D:1: 602 daAuts
  Temple: 82 daAuts
